 Seeded DCSS version 0.30-a0-591-g3c58d2bc28 (webtiles) character file.

Game seed: 12094070901889506637 (custom seed)

5410 purpskrrrp the Cleaver (level 10, -1/79 HPs)
             Began as a Minotaur Fighter on Jan 6, 2023.
             Was a Priest of Hepliaklqana.
             Killed from afar by an electric eel (13 damage)
             ... with a bolt of electricity
             ... on level 10 of the Dungeon.
             The game lasted 00:13:00 (6843 turns).

purpskrrrp the Cleaver (Minotaur Fighter)           Turns: 6843, Time: 00:13:00

Health: -1/79      AC: 23    Str: 26    XL:     10   Next: 40%
Magic:  9/9        EV:  7    Int:  5    God:    Hepliaklqana [***...]
Gold:   517        SH: 10    Dex:  9    Spells: 9/9 levels left

rFire   + . .      SeeInvis .    a - +0 war axe
rCold   . . .      Faith    .    x - +1 kite shield
rNeg    . . .      Spirit   .    B - +0 plate armour
rPois   .          Reflect  .    I - +1 hat
rElec   .          Harm     .    e - +2 cloak
rCorr   .          Rampage  .    w - +0 pair of gloves
Will    .....                    (no boots) Stlth
                                 H - amulet of regeneration
HPRegen 1.13/turn                j - +4 ring of protection
MPRegen 0.11/turn                k - ring of protection from fire

@: slowed, very slow
A: reduced essence, horns 2, retaliatory headbutt
a: Renounce Religion, Recall Ancestor, Ancestor Identity, Transference


You were on level 10 of the Dungeon.
You worshipped Hepliaklqana.
Hepliaklqana was most pleased with you.
You visited 1 branch of the dungeon, and saw 9 of its levels.
You also visited: Ossuary.

You collected 517 gold pieces.

Inventory:

Hand Weapons
 a - a +0 war axe (weapon)
Missiles
 r - 2 throwing nets (quivered)
Armour
 b - a +0 scale mail
 c - a +0 buckler
 e - a +2 cloak (worn)
 g - a +0 cloak
 w - a +0 pair of gloves (worn)
 x - a +1 kite shield (worn)
 B - a +0 plate armour (worn)
 I - a +1 hat (worn)
Jewellery
 j - a +4 ring of protection (left hand)
 k - a ring of protection from fire (right hand)
 D - a +6 ring of intelligence
 H - an amulet of regeneration (around neck)
Wands
 y - a wand of iceblast (16)
 C - a wand of paralysis (13)
Scrolls
 d - a scroll of magic mapping
 h - 6 scrolls of teleportation
 p - a scroll of poison {unknown}
 t - 4 scrolls of blinking
 u - 2 scrolls of fear
 A - a scroll of noise
 F - a scroll of identify
Potions
 f - a potion of cancellation {unknown}
 i - 3 potions of flight
 l - 7 potions of curing
 m - 3 potions of haste
 n - a potion of magic {unknown}
 o - 4 potions of heal wounds {unknown}
 q - 5 potions of attraction
 s - a potion of brilliance
 v - 4 potions of degeneration {unknown}
 z - 3 potions of might
 E - 2 potions of berserk rage {unknown}
 G - a potion of mutation {unknown}
 J - a potion of experience {unknown}


   Skills:
 + Level 7.6 Fighting
 * Level 12.9 Axes
 + Level 7.7 Armour
 + Level 5.9 Dodging
 + Level 7.7 Shields


You had 9 spell levels left.
You didn't know any spells.
Your spell library contained the following spells:

 Spells                   Type           Power      Damage    Failure   Level
 Beastly Appendage        Tmut           0%         N/A       100%        1
 Freeze                   Ice            0%         1d3       100%        1
 Magic Dart               Conj           0%         1d3       100%        1
 Blink                    Tloc           0%         N/A       100%        2
 Call Imp                 Summ           0%         N/A       100%        2
 Wereblood                Tmut           0%         N/A       100%        2
 Call Canine Familiar     Summ           0%         N/A       100%        3
 Mephitic Cloud           Conj/Pois/Air  0%         N/A       100%        3
 Portal Projectile        Hex/Tloc       0%         N/A       100%        3
 Spider Form              Tmut/Pois      0%         N/A       100%        3
 Leda's Liquefaction      Hex/Erth       0%         N/A       100%        4
 Manifold Assault         Tloc           0%         N/A       100%        4
 Storm Form               Tmut/Air       0%         N/A       100%        7


Dungeon Overview and Level Annotations

Branches:
Dungeon (10/15)            Temple (0/1) D:5            Lair (0/5) D:10
Ossuary (visited)
    Orc: D:9-12

Altars:
Cheibriados
Dithmenos
Hepliaklqana
Nemelex Xobeh
Trog
Yredelemnul

Shops:
D:1 (   D:3 [


Innate Abilities, Weirdness & Mutations

Your life essence is reduced to manifest your ancestor. (-10% HP)
You have a pair of horns on your head.
You reflexively headbutt those who attack you in melee.


Message History

The bolt of electricity hits the electric eel.
The electric eel completely resists.
The bolt of electricity hits you but does no damage.
You block the gnoll sergeant's attack.
You barely miss the wraith. You hit the electric eel. The wraith hits you.
The wraith drains your vigour!
You feel as though you will be slow longer.
The gnoll sergeant splashes around in the water.
The electric eel shoots out a bolt of lightning at you!
The bolt of electricity hits you. You block the wraith's attack.
Your unstable footing causes you to fumble your attack.
The gnoll sergeant hits you but does no damage.
You block the wraith's attack.
The electric eel shoots out a bolt of lightning at you!
The bolt of electricity hits you! You block the gnoll sergeant's attack.
You are too injured to fight recklessly!
You are too injured to fight recklessly!
You are too injured to fight recklessly!
You are too injured to fight recklessly!
You are too injured to fight recklessly!
You are too injured to fight recklessly!
You are too injured to fight recklessly!
You are too injured to fight recklessly!
You are too injured to fight recklessly!
The wraith barely misses you. You furiously retaliate!
You headbutt the wraith! The wraith hits you!
* * * LOW HITPOINT WARNING * * *
The wraith drains your vigour!
You feel as though you will be slow longer.
The wraith attacks as you move away! The wraith hits you.
* * * LOW HITPOINT WARNING * * *
You hear the faint creaking of a very distant portcullis.
The wraith barely misses you.
The electric eel shoots out a bolt of lightning at you!
The bolt of electricity hits you!
* * * LOW HITPOINT WARNING * * *
The wraith hits you but does no damage.
The electric eel shoots out a bolt of lightning at you!
The bolt of electricity hits you!
You die...

~~~~~~~≈≈~~~P~~P♣♣..#
~~~~~~~≈≈≈≈~~P~P~P♣.#
~~~~~~~≈≈≈≈~~~~~~♣~.#
~~~~~~~≈≈≈≈~~~PPP♣♣.#
~~~~~~~≈≈≈~~))g♣~♣#)#
~~~~~~~~~~~♣~~S♣~...#
~~~~~~~~~~~~~~♣~..###
*~~~~~~~P~♣~~♣♣~W##
~~***~*~*~♣♣~*##@#
~~*~***~~*######.#
**,,,,,,**#...)..#
**,,***,**#.####.#
,,,,* *,,..,,,*#.#
**,,***,##*,*,*#.#
*,,,,,,,,*,*,*#.#
*,,,,,,,,,,,,,.♣♣*
******,,,~~~~~~~~***


You could see a wraith, a gnoll sergeant and an electric eel.

Vanquished Creatures
  Gastronok (D:8)
  A two-headed ogre (D:10)
  Pikel (D:8)
  Grinder (D:6)
  Sigmund (D:2)
  A water moccasin (D:7)
  3 black bears
  2 ogres
  2 lemures (D:8)
  4 centaurs
  A phantom (D:7)
  A bullfrog (D:6)
  A necrophage (D:6)
  2 scorpions (D:5)
  A troll zombie (Ossuary)
  2 killer bees
  A centaur zombie (Ossuary)
  2 hounds (D:6)
  4 orc priests
  2 jellies
  Jessica (D:2)
  3 orc wizards
  An ogre zombie (Ossuary)
  2 mummies (Ossuary)
  Robin (D:2)
  8 adders
  6 gnolls
  A shadow imp (D:6)
  2 white imps
  4 adder zombies (Ossuary)
  2 worms
  3 dart slugs
  14 orcs
  6 bats
  5 endoplasms
  A giant cockroach (D:2)
  15 goblins
  10 hobgoblins
  10 jackals
  3 quokkas (D:3)
  5 ball pythons
  4 frilled lizards
  A gnoll zombie (Ossuary)
  4 hobgoblin zombies (Ossuary)
  9 kobolds
  6 kobold zombies (Ossuary)
  3 quokka zombies (Ossuary)
  5 rats
  2 rat zombies (Ossuary)
171 creatures vanquished.

Vanquished Creatures (collateral kills)
  A steam dragon (D:7)
  An ice beast (D:7)
  2 lemures (D:8)
  A kobold brigand (D:7)
  A bullfrog (D:8)
  An elf zombie (Ossuary)
  3 wights (D:7)
  4 killer bees
  A troll zombie (Ossuary)
  A howler monkey (D:7)
  A centaur zombie (Ossuary)
  A jelly (D:7)
  An orc priest (D:7)
  An iguana (D:5)
  5 mummies (Ossuary)
  A gnoll (D:5)
  A shadow imp (D:8)
  A quokka (D:5)
  2 goblin zombies (Ossuary)
  2 rat zombies (Ossuary)
32 creatures vanquished.

Vanquished Creatures (others)
  2 battlemagi
  2 ancestors (D:5)
  A gnoll (D:10)
  29 fungi (D:10)
  30 plants (D:10)
64 creatures vanquished.

Grand Total: 267 creatures vanquished

Notes
Turn   | Place    | Note
-------+----------+-------------------------------------------
     0 | D:1      | purpskrrrp the Minotaur Fighter began the quest for the
                  | Orb.
     0 | D:1      | Reached XP level 1. HP: 19/19 MP: 0/0
   157 | D:1      | Reached XP level 2. HP: 17/27 MP: 1/1
   276 | D:1      | Reached skill level 3 in Axes
   277 | D:1      | Found a faded altar of an unknown god.
   304 | D:1      | Got Plato's Monograph on the Glacier
   347 | D:1      | Found Fojatwor's Antique Weapon Boutique.
   413 | D:1      | Reached XP level 3. HP: 32/33 MP: 2/2
   587 | D:1      | Reached skill level 4 in Axes
   970 | D:2      | Reached XP level 4. HP: 40/40 MP: 3/3
   981 | D:2      | Reached skill level 5 in Axes
  1048 | D:2      | Found a shadowy altar of Dithmenos.
  1102 | D:2      | Noticed Robin
  1123 | D:2      | Killed Robin
  1285 | D:2      | Noticed Jessica
  1290 | D:2      | Killed Jessica
  1291 | D:2      | Reached skill level 6 in Axes
  1291 | D:2      | Reached XP level 5. HP: 46/46 MP: 4/4
  1509 | D:2      | Noticed Sigmund
  1517 | D:2      | Killed Sigmund
  1518 | D:2      | Reached skill level 7 in Axes
  1518 | D:2      | Reached XP level 6. HP: 52/52 MP: 5/5
  1789 | D:3      | Found a bloodstained altar of Trog.
  1799 | D:3      | Found a snail-covered altar of Cheibriados.
  1845 | D:3      | Found a hazy altar of Hepliaklqana.
  1888 | D:3      | Found Jecoco's Armour Boutique.
  1922 | D:3      | Became a worshipper of Hepliaklqana the Forgotten
  2038 | D:3      | Found a sparkling altar of Nemelex Xobeh.
  2348 | D:4      | Reached skill level 8 in Axes
  2659 | D:4      | Reached XP level 7. HP: 58/58 MP: 6/6
  2705 | D:4      | Reached skill level 9 in Axes
  2751 | D:4      | Reached * piety under Hepliaklqana
  2861 | D:5      | Entered Level 5 of the Dungeon
  3020 | D:5      | Reached skill level 1 in Dodging
  3139 | D:5      | Found a staircase to the Ecumenical Temple.
  3536 | D:5      | Reached XP level 8. HP: 55/60 MP: 7/7
  3923 | D:5      | Reached ** piety under Hepliaklqana
  3924 | D:5      | Remembered your ancestor Amenemopet as a battlemage
  4374 | D:6      | Reached skill level 10 in Axes
  4457 | D:6      | Reached skill level 5 in Armour
  4493 | D:6      | Noticed Grinder
  4498 | D:6      | Reached skill level 5 in Fighting
  4498 | D:6      | Reached skill level 5 in Shields
  4506 | D:6      | Killed Grinder
  5253 | D:6      | Reached XP level 9. HP: 43/67 MP: 8/8
  5347 | D:7      | Reached skill level 11 in Axes
  5637 | D:7      | Found a sand-covered staircase.
  5656 | Ossuary  | Entered an ossuary
  5674 | Ossuary  | Reached *** piety under Hepliaklqana
  6110 | D:7      | Found a basalt altar of Yredelemnul.
  6505 | D:7      | Found the +2 ratskin cloak {*Rats rPois rN+ Str-1 Int-1
                  | Dex+1}
  6654 | D:8      | Reached skill level 12 in Axes
  6654 | D:8      | Reached skill level 5 in Dodging
  6668 | D:8      | Noticed Pikel
  6668 | D:8      | Noticed Gastronok
  6725 | D:8      | Killed Gastronok
  6726 | D:8      | Reached XP level 10. HP: 51/77 MP: 9/9
  6769 | D:8      | Killed Pikel
  6797 | D:8      | You fall into a shaft and drop 2 floors!
  6797 | D:10     | Entered Level 10 of the Dungeon
  6798 | D:10     | Noticed a two-headed ogre
  6808 | D:10     | Killed a two-headed ogre
  6843 | D:10     | Killed from afar by an electric eel

Illustrated notes

Levels and vault maps discovered:
D:1:      dpeg_cavernosity, layout_rooms, shapermc_ecumenical_altar_rom_forum,
          serial_shops, shop
D:2:      layout_loops_ring, basic_altar, uniq_jessica, uniq_robin, uniq_sigmund
D:3:      layout_rooms, nemelex_spade_bored_becter,
          mainiacjoe_overflow_catwalk_spiral, slow_altar_1, serial_shops,
          nicolae_shop_hallway_plus, minmay_misc_feat_pillars
D:4:      layout_cave_pools, grunt_decor_cap, grunt_decor_fettered,
          uniq_blork_the_orc
D:5:      layout_layer_cave, minmay_temple_entry_purple_smoke
D:6:      layout_loops_corners, uniq_grinder
D:7:      layout_cave_pods, mainiacjoe_overflow_six_doors_small, enter_ossuary_3
D:8:      layout_basic, chequers_serial_rivers_micro_e, minmay_puff,
          uniq_gastronok, uniq_maggie, uniq_pikel
D:10:     layout_loops_cross, nicolae_overflow_hidden_temple,
          due_lair_maze_entry_diamond, enter_bailey_5, serial_bayou,
          serial_bayou_shore_a, serial_bayou_pond_e, serial_bayou_pond_d,
          serial_bayou_lake_a

Skill      XL: |  1  2  3  4  5  6  7  8  9 |
---------------+----------------------------+-----
Axes           | 3 4 6 7 8 9 10 12 | 12.9
Fighting       | 4 5 7 |  7.6
Armour         | 4 5 7 |  7.7
Shields        | 4 5 7 |  7.7
Dodging        | 2 3 5 |  5.9

Action                   |  1- 3 |  4- 6 |  7- 9 | 10-12 || total
-------------------------+-------+-------+-------+-------++-------
Melee: War axe           |    56 |   110 |   245 |    21 ||   432
       Headbutt          |     3 |    15 |    45 |     3 ||    66
Throw: Throwing net      |       |       |     2 |       ||     2
Invok: Ancestor Life: Ba |       |       |     1 |       ||     1
  Use: Scroll            |     4 |       |     8 |     2 ||    14
       Potion            |       |     1 |       |       ||     1
Armor: Scale mail        |    40 |    64 |    36 |       ||   140
       Plate armour      |       |       |   101 |    14 ||   115
Dodge: Dodged            |    18 |    55 |    58 |     5 ||   136
Block: Buckler           |    15 |    25 |       |       ||    40
       Kite shield       |       |       |   103 |    16 ||   119

Table legend: (Time is in decaauts)
 A = Elapsed time spent in this place.
 B = Non-inter-level travel time spent in this place.
 C = Inter-level travel time spent in this place.
 D = Time resting spent in this place.
 E = Time spent auto-exploring this place.
 F = Levels seen in this place.
 G = Mean time per level.
                   A        B        C        D        E       F      G
               +--------+--------+--------+--------+--------+-----+--------+
         Total |   6951 |   6456 |    495 |    183 |   4994 |  10 |  695.1 |
       Dungeon |   6551 |   6056 |    495 |    183 |   4750 |   9 |  727.9 |
       Ossuary |    399 |    399 |      0 |      0 |    244 |   1 |  399.0 |
               +--------+--------+--------+--------+--------+-----+--------+

Top non-repeatable levels by time:
     D:5: 1285 daAuts
     D:6: 1033 daAuts
     D:7: 933 daAuts
     D:1: 873 daAuts
     D:2: 801 daAuts
     D:4: 779 daAuts
     D:3: 581 daAuts
 Ossuary: 399 daAuts
     D:8: 211 daAuts
    D:10: 51 daAuts
